AoeStats
← primo78n

Arena

504913615Analyzed
2v2 RM · 26d ago on Sep 7, 2026· 40m 11s· 4 players
Game mode
Random Map
Map size
Medium (4 player)
Population
200
Speed
Normal
Resources
Standard
Victory
Conquest
Starting age
Dark Age
Ending age
Imperial Age
RankedLock teamsTeams togetherTeam positionsShared explorationLock speedFull tech treeHidden civsTurbo modeCheats
Victory
Defeat
🇺🇸 Britons · United States
1071
+16
🇺🇸 Turks · United States
1071
+16
🇦🇷 Persians · Argentina
1073
-16
🇦🇷 Bohemians · Argentina
1068
-16
primo78n
7:56 Loom
9:53 Feudal Age
10:36 Double-Bit Axe
11:06 Horse Collar
17:59 Castle Age
20:04 Fervor
21:20 Bow Saw
22:37 Sanctity
23:08 Atonement
31:41 Imperial Age
29:46 Wheelbarrow
29:16 Scale Mail Armor
29:27 Forging
32:27 Heavy Plow
33:29 Two-Man Saw
34:54 Hand Cart
34:25 Town Watch
35:40 Elite Hussite Wagon
37:31 Fortified Wall
37:05 Pikeman
37:46 Squires
TIYA
7:06 Loom
9:16 Feudal Age
9:36 Double-Bit Axe
9:36 Horse Collar
18:06 Castle Age
19:21 Bow Saw
20:37 Bloodlines
21:47 Scale Barding Armor
21:40 Pikeman
22:38 Husbandry
26:38 Wheelbarrow
30:06 Imperial Age
30:19 Cavalier
34:48 Hand Cart
36:38 Two-Man Saw
36:51 Chain Barding Armor
37:10 Savar
ChickenNBeer
11:50 Feudal Age
10:06 Loom
12:19 Horse Collar
12:25 Double-Bit Axe
17:05 Wheelbarrow
20:13 Castle Age
18:35 Scale Barding Armor
20:09 Bloodlines
20:22 Forging
22:13 Chain Barding Armor
25:21 Heavy Plow
26:29 Hand Cart
31:31 Imperial Age
29:34 Padded Archer Armor
30:43 Iron Casting
36:37 Leather Archer Armor
demeryjim
9:15 Loom
11:02 Feudal Age
11:35 Double-Bit Axe
11:34 Horse Collar
15:35 Wheelbarrow
19:34 Castle Age
18:04 Fletching
18:13 Gold Mining
20:45 Bow Saw
20:49 Crossbowman
21:28 Bodkin Arrow
22:38 Padded Archer Armor
27:11 Pikeman
28:01 Scale Mail Armor
30:13 Stone Mining
32:00 Yeomen
34:54 Imperial Age
32:41 Hand Cart
33:06 Forging
33:13 Leather Archer Armor
34:01 Ballistics
35:47 Iron Casting
35:27 Chain Mail Armor
36:03 Bracer
36:22 Chain Mail Armor
36:41 Ring Archer Armor
36:06 Arbalester
37:30 Masonry
39:10 Elite Longbowman
41:12 Chemistry
Connection lost

Rejoining the realm…

Still unreachable

The connection could not be restored.

Session expired

The server has moved on; the page needs a fresh start.